 Dungeon Crawl Stone Soup version 0.30-a0-368-g86fb4627a9 (webtiles) character file.

Game seed: 14899095304215301968

928 RascalDebosk the Magician (level 8, -2/56 HPs)
             Began as a Djinni Air Elementalist on Nov 19, 2022.
             Was an Elder of Jiyva.
             Slain by Hubris850's ghost (7 damage)
             ... on level 5 of the Dungeon.
             The game lasted 00:27:10 (3279 turns).

RascalDebosk the Magician (Djinni Air Elementalist) Turns: 3279, Time: 00:27:11

Health: -2/56      AC:  9    Str:  7    XL:     8   Next: 32%
Gold:   173        EV: 12    Int: 20    God:    Jiyva [****..] SH:  0 Dex: 15

rFire   + + .      SeeInvis +    q - +0 falchion
rCold   . . .      Faith    .    (no shield)
rNeg    . . .      Spirit   .    a - +1 robe
rPois   ∞          Reflect  .    (no helmet)
rElec   .          Harm     .    (no cloak)
rCorr   +          Rampage  .    (no gloves)
Will    .....                    (boots unavailable)
Stlth   +++.......               (no amulet)
HPRegen 1.57/turn                e - ring of protection from cold
MPRegen 0.00/turn                o - ring of see invisible

@: flying
A: sickness immunity, fire resistance 2, cold vulnerability 1, float, innate
caster, HP casting, extra vitality 1, iridescent scales 3, thin skeletal
structure 1
a: Renounce Religion, Oozemancy, Slimify


You were on level 5 of the Dungeon.
You worshipped Jiyva.
Jiyva was greatly pleased with you.
You visited 1 branch of the dungeon, and saw 5 of its levels.

You collected 173 gold pieces.

Inventory:

Hand Weapons
 q - a +0 falchion (weapon)
 s - a +0 dagger
Armour
 a - a +1 robe (worn)
Jewellery
 e - a ring of protection from cold (left hand)
 h - a ring of protection from cold
 j - a ring of fire
 o - a ring of see invisible (right hand)
Wands
 t - a wand of roots (16)
Scrolls
 c - a scroll of poison
 k - a scroll of enchant armour
 m - a scroll of noise {unknown}
 p - a scroll of enchant weapon {unknown}
 r - a scroll of blinking {unknown}
 x - a scroll of magic mapping {unknown}
 y - a scroll of acquirement {unknown}
Potions
 b - 2 potions of cancellation {unknown}
 d - 3 potions of berserk rage
 f - 2 potions of lignification {unknown}
 g - a potion of haste {unknown}
 l - a potion of invisibility {unknown}
 n - 4 potions of curing
 u - a potion of heal wounds {unknown}
 v - 2 potions of brilliance {unknown}
 w - a potion of degeneration {unknown}


   Skills:
 + Level 3.2 Fighting
 + Level 3.1 Armour
 - Level 2.1 Dodging
 - Level 1.5 Stealth
 * Level 6.3 Spellcasting


You had 4 spell levels left.
You knew the following spells:

 Your Spells              Type           Power      Damage    Failure   Level
a - Shock                 Conj/Air       100%       1d9       1%          1
b - Static Discharge      Conj/Air       62%        2-5/arc   1%          2
c - Swiftness             Air            31%        N/A       2%          3
d - Airstrike             Air            15%        2d(3-19)  8%          4
e - Sandblast             Erth           62%        2d14      1%          1
f - Blink                 Tloc           62%        N/A       1%          2
g - Passwall              Tmut/Erth      25%        N/A       1%          2
Your spell library was empty.

Dungeon Overview and Level Annotations

Branches:
Dungeon (5/15)
 Temple: D:4-7

Altars:
Hepliaklqana
Okawaru
Trog
Xom
Zin
The Shining One
Jiyva

Shops:
D:1 ?   D:4 =

Annotations:
D:5 Hubris850's ghost, novice MfTm


Innate Abilities, Weirdness & Mutations

You are immune to sickness and miasma.
You are immune to poison.
Your flesh is very heat resistant. (rF++)
You are vulnerable to cold. (rC-)
You float through the air rather than walking.
You learn spells naturally, not from books.
Your magical power is your life essence.
You have superior vitality. (+4 MHP)
You are completely covered in iridescent scales. (AC +6)
You have a somewhat thin skeletal structure. (Dex +2, Stealth+)


Message History

Confirm with . or Enter, or press ? or * to list all spells.
The ice beast is struck by an arc of lightning.
The ice beast is lightly wounded.
You are struck by an arc of lightning.
The ice beast is struck by an arc of lightning.
The ice beast is moderately wounded.
You are struck by an arc of lightning.
The lightning grounds out.
Hubris850's ghost hits the jelly!
The jelly dies!
The ice beast hits you. The ice beast freezes you!
Casting: Static Discharge (safe; 1% risk of failure)
Confirm with . or Enter, or press ? or * to list all spells.
The ice beast is struck by an arc of lightning.
The ice beast is moderately wounded.
You are struck by an arc of lightning.
The ice beast is struck by an arc of lightning.
The ice beast is heavily wounded.
The lightning grounds out.
Hubris850's ghost completely misses the jelly.
The jelly hits Hubris850's ghost.
Hubris850's ghost is splashed with acid.
The ice beast hits you.
* * * LOW HITPOINT WARNING * * *
The ice beast freezes you!
* * * LOW HITPOINT WARNING * * *
Casting: Static Discharge (safe; 1% risk of failure)
Confirm with . or Enter, or press ? or * to list all spells.
The ice beast is struck by an arc of lightning.
The ice beast is severely wounded.
You are struck by an arc of lightning.
* * * LOW HITPOINT WARNING * * *
The ice beast is struck by an arc of lightning.
The ice beast is almost dead.
You are struck by an arc of lightning.
* * * LOW HITPOINT WARNING * * *
The lightning grounds out.
* * * LOW HITPOINT WARNING * * *
Hubris850's ghost hits the jelly!
Hubris850's ghost is burned by acid!
The jelly hits Hubris850's ghost.
Hubris850's ghost is splashed with acid.
Hubris850's ghost seems to be corroded for longer.
The ice beast closely misses you.
Unknown command.
Casting: Static Discharge (safe; 1% risk of failure)
Confirm with . or Enter, or press ? or * to list all spells.
Aiming: Shock (safe; 1% risk of failure)
Press: ? - help, Shift-Dir - straight line, f - ice beast
Aim: an ice beast (almost dead, 74% to hit)
The zap hits the ice beast.
The ice beast is almost dead.
* * * LOW HITPOINT WARNING * * *
Hubris850's ghost says, "You're as good as gold."
Hubris850's ghost hits the jelly!
The jelly dies!
The ice beast barely misses you.
Casting: Shock (safe; 1% risk of failure)
Confirm with . or Enter, or press ? or * to list all spells.
Aiming: Shock (safe; 1% risk of failure)
Press: ? - help, Shift-Dir - straight line, f/p - ice beast
Aim: an ice beast (almost dead, 74% to hit)
The zap hits the ice beast!
You kill the ice beast!
* * * LOW HITPOINT WARNING * * *
Your Armour skill increases to level 3!
Casting: Shock (safe; 1% risk of failure)
Confirm with . or Enter, or press ? or * to list all spells.
Aiming: Shock (safe; 1% risk of failure)
Press: ? - help, Shift-Dir - straight line, f - Hubris850's ghost
Aim: Hubris850's ghost (severely damaged, covered in acid, 71% to hit)
The zap misses Hubris850's ghost.
* * * LOW HITPOINT WARNING * * *
Casting: Shock (safe; 1% risk of failure)
Confirm with . or Enter, or press ? or * to list all spells.
Aiming: Shock (safe; 1% risk of failure)
Press: ? - help, Shift-Dir - straight line, f/p - Hubris850's ghost
Aim: Hubris850's ghost (severely damaged, covered in acid, 71% to hit)
The zap misses Hubris850's ghost.
* * * LOW HITPOINT WARNING * * *
Casting: Shock (safe; 1% risk of failure)
Confirm with . or Enter, or press ? or * to list all spells.
Aiming: Shock (safe; 1% risk of failure)
Press: ? - help, Shift-Dir - straight line, f/p - Hubris850's ghost
Aim: Hubris850's ghost (severely damaged, covered in acid, 71% to hit)
The zap hits Hubris850's ghost.
Hubris850's ghost is severely damaged.
* * * LOW HITPOINT WARNING * * *
Casting: Shock (safe; 1% risk of failure)
Confirm with . or Enter, or press ? or * to list all spells.
Hubris850's ghost is struck by an arc of lightning.
Hubris850's ghost is severely damaged.
You are struck by an arc of lightning.
* * * LOW HITPOINT WARNING * * *
Hubris850's ghost is struck by an arc of lightning.
Hubris850's ghost is almost destroyed.
You are struck by an arc of lightning.
* * * LOW HITPOINT WARNING * * *
The lightning grounds out.
* * * LOW HITPOINT WARNING * * *
Hubris850's ghost hits you!
You die...

......## #..
####...# ##.......#
#.. ##..#
#........# #.. #..#
##........# #..
#####.##
#.........# #..
......# ..........
#.. ....###
#......... #..
##### ##.........
##. #..@....# ##
###<.W..### #
#######......### #
##..............# #
##.........##'##..#
#
#..###....J#.~.#..#
# # ####.##
##...##.~.# .# .##.
##..## #..###.~.#
#. .... ....# ##.#
#.~.# .# ##...


You could see Hubris850's ghost (corroded) and a neutral jelly (wandering)
(fellow slime).

Vanquished Creatures
  Grinder (D:4)
  A water moccasin (D:5)
  A black bear (D:5)
  An ice beast (D:5)
  A gnoll sergeant (D:4)
  2 scorpions (D:5)
  An orc priest (D:3)
  An orc wizard (D:3)
  An iguana (D:5)
  Natasha (thrice) (D:3)
  Robin (D:2)
  5 gnolls (D:4)
  3 adders
  2 worms
  5 dart slugs
  2 orcs (D:3)
  7 ball pythons
  7 endoplasms
  3 giant cockroaches
  12 goblins
  13 hobgoblins
  7 kobolds
  3 quokkas
  2 bats
  4 frilled lizards
  4 rats
93 creatures vanquished.

Vanquished Creatures (others)
  3 jellies (D:5)
  2 adders
  3 gnolls (D:5)
  A dart slug (D:3)
  4 endoplasms
  2 goblins
  3 kobolds (D:2)
  2 quokkas
  A ball python (D:2)
  3 bats
  4 plants (D:5)
28 creatures vanquished.

Grand Total: 121 creatures vanquished

Notes
Turn   | Place    | Note
-------+----------+-------------------------------------------
     0 | D:1      | RascalDebosk the Djinni Air Elementalist began the quest
                  | for the Orb.
     0 | D:1      | RascalDebosk set off with the following spells memorised:
                  | Shock, Static Discharge, Swiftness, Airstrike.
     0 | D:1      | Reached XP level 1. HP: 15/15 MP: 0/0
   144 | D:1      | Reached XP level 2. HP: 19/21 MP: 0/0
   215 | D:1      | Reached skill level 3 in Spellcasting
   241 | D:1      | Found Inepedip's Magic Scroll Shoppe.
   291 | D:1      | Reached XP level 3. HP: 24/25 MP: 0/0
   291 | D:1      | Learned a level 1 spell: Sandblast
   913 | D:2      | Found a faded altar of an unknown god.
   917 | D:2      | Prayed at the altar of an unknown god.
   917 | D:2      | Became a worshipper of Jiyva Jocsawn the Shapeless
   917 | D:2      | Reached * piety under Jiyva
   936 | D:2      | Noticed Robin
   944 | D:2      | Reached XP level 4. HP: 23/31 MP: 0/0
   944 | D:2      | Killed Robin
  1142 | D:2      | Reached ** piety under Jiyva
  1157 | D:2      | Reached skill level 4 in Spellcasting
  1552 | D:3      | Reached XP level 5. HP: 35/35 MP: 0/0
  1552 | D:3      | Learned a level 2 spell: Blink
  1581 | D:3      | Noticed Natasha
  1585 | D:3      | Killed Natasha
  1785 | D:3      | Reached XP level 6. HP: 40/40 MP: 0/0
  1840 | D:3      | Noticed Natasha
  1844 | D:3      | Killed Natasha
  1845 | D:3      | Reached skill level 5 in Spellcasting
  1852 | D:3      | Reached *** piety under Jiyva
  1922 | D:3      | Gained mutation: You are partially covered in iridescent
                  | scales. (AC +2) [Jiyva's grace]
  1922 | D:3      | Gained mutation: You are mostly covered in iridescent
                  | scales. (AC +4) [Jiyva's grace]
  1922 | D:3      | Gained mutation: You are completely covered in iridescent
                  | scales. (AC +6) [Jiyva's grace]
  1922 | D:3      | Gained mutation: You have a somewhat thin skeletal
                  | structure. (Dex +2, Stealth+) [Jiyva's grace]
  1957 | D:3      | Noticed Natasha
  1966 | D:3      | Killed Natasha
  2026 | D:3      | Found an iron altar of Okawaru.
  2303 | D:4      | Found a basalt altar of Yredelemnul.
  2305 | D:4      | Found a hazy altar of Hepliaklqana.
  2307 | D:4      | Found a glowing silver altar of Zin.
  2307 | D:4      | Found a shimmering altar of Xom.
  2307 | D:4      | Found a bloodstained altar of Trog.
  2369 | D:4      | Reached skill level 1 in Fighting
  2370 | D:4      | Reached skill level 1 in Armour
  2370 | D:4      | Reached XP level 7. HP: 25/47 MP: 0/0
  2370 | D:4      | Learned a level 2 spell: Passwall
  2428 | D:4      | Noticed Grinder
  2433 | D:4      | Killed Grinder
  2452 | D:4      | Found a glowing silver altar of Zin.
  2452 | D:4      | Found a glowing golden altar of the Shining One.
  2518 | D:4      | Reached **** piety under Jiyva
  2694 | D:4      | Found Zadoboint's One-of-a-Kind Rings.
  2729 | D:5      | Entered Level 5 of the Dungeon
  2908 | D:5      | Reached skill level 6 in Spellcasting
  2908 | D:5      | Reached XP level 8. HP: 55/55 MP: 0/0
  3041 | D:5      | Found a faded altar of an unknown god.
  3044 | D:5      | Found a hazy altar of Hepliaklqana.
  3046 | D:5      | Found a faded altar of an unknown god.
  3259 | D:5      | Found a runed translucent door.
  3264 | D:5      | Noticed Hubris850's ghost (novice MfTm)
  3279 | D:5      | Slain by Hubris850's ghost

Illustrated notes

Levels and vault maps discovered:
D:1:      onia_arrival_pyramid, layout_loops_ring, serial_rivers,
          chequers_serial_rivers_marsh, chequers_serial_rivers_micro_e,
          chequers_serial_rivers_micro_b, chequers_serial_rivers_large_b,
          serial_shops, shop
D:2:      minmay_chambers_of_ones, layout_basic,
          shapermc_ecumenical_altar_mp_highgroup, minmay_circle_x, uniq_robin
D:3:      layout_basic, lemuel_round_altar, uniq_natasha
D:4:      layout_rooms, doesnt_xom_only_xom, gammafunk_temple_overflow_pools,
          nicolae_shop_unique_rings, uniq_grinder
D:5:      layout_layer_cave, nicolae_hepliaklqana_ecumenical_no_more,
          ebering_ghost_reflecting_pool

Skill      XL: |  1  2  3  4  5  6  7  8 |
---------------+-------------------------+-----
Spellcasting   | 3 4 5 6 |  6.3
Fighting       | 1 2 3 |  3.2
Armour         | 1 2 3 |  3.1
Dodging        | |  2.1
Stealth        | |  1.5

Action                   |  1- 3 |  4- 6 |  7- 9 || total
-------------------------+-------+-------+-------++-------
Melee: Unarmed           |     2 |       |       ||     2
 Cast: Shock             |    71 |    93 |    29 ||   193
       Static Discharge  |       |    12 |    10 ||    22
       Airstrike         |       |       |     5 ||     5
  Use: Scroll            |       |       |     4 ||     4
Armor: Robe              |     2 |     2 |     5 ||     9
Dodge: Dodged            |    12 |    12 |    10 ||    34

Table legend: (Time is in decaauts)
 A = Elapsed time spent in this place.
 B = Non-inter-level travel time spent in this place.
 C = Inter-level travel time spent in this place.
 D = Time resting spent in this place.
 E = Time spent auto-exploring this place.
 F = Levels seen in this place.
 G = Mean time per level.
                   A        B        C        D        E       F      G
               +--------+--------+--------+--------+--------+-----+--------+
         Total |   3275 |   3168 |    107 |     62 |   2555 |   5 |  655.0 |
       Dungeon |   3275 |   3168 |    107 |     62 |   2555 |   5 |  655.0 |
               +--------+--------+--------+--------+--------+-----+--------+

Top non-repeatable levels by time:
     D:1: 804 daAuts
     D:2: 714 daAuts
     D:3: 702 daAuts
     D:5: 549 daAuts
     D:4: 505 daAuts
